 Dungeon Crawl Stone Soup version 0.32-a0-918-g0f22ef8d61 (webtiles) character file.

Game seed: 13294272415357574197

37 bchevrier the Charlatan (level 3, 0/37 HPs)
             Began as a Gnoll Wanderer on Apr 10, 2024.
             Shot with a sling bullet by a goblin (5 damage)
             ... on level 2 of the Dungeon.
             The game lasted 00:04:42 (1089 turns).

bchevrier the Charlatan (Gnoll Wanderer)            Turns: 1089, Time: 00:04:43

Health: 0/37       AC: 21    Str: 14    XL:     3   Next: 39%
Magic:  7/7        EV:  2    Int: 19    God:
Gold:   85         SH:  0    Dex:  8    Spells: 6/7 levels left

rFire   . . .        g - +1 dagger (freeze)
rCold   . . .        (no shield)
rNeg    . . .        f - melded +0 leather armour
rPois   +            (helmet currently unavailable)
rElec   .            (cloak currently unavailable)
rCorr   .            h - melded +0 pair of gloves
SInv    .            (boots currently unavailable)
Will    .....        k - amulet of regeneration
Stlth   ++           i - +6 ring of intelligence
HPRegen 1.06/turn    (no ring)
MPRegen 0.10/turn

%: no passive effects
@: tree-form
A: stationary, stasis, torment immunity, boosted hp, (fangs 1), strong nose,
distributed training
a: no special abilities


You were on level 2 of the Dungeon.
You were a tree.
You visited 1 branch of the dungeon, and saw 2 of its levels.

You collected 85 gold pieces.

Inventory:

Hand Weapons
 a - a +0 hand axe
 g - a +1 dagger of freezing (weapon)
Armour
 d - a +0 robe
 f - a +0 leather armour (melded)
 h - a +0 pair of gloves (melded)
Jewellery
 i - a +6 ring of intelligence (left branch)
 k - an amulet of regeneration (around neck)
Scrolls
 b - a scroll of identify {unknown}
 e - a scroll of fog {unknown}
 j - a scroll of brand weapon {unknown}
 l - a scroll of teleportation {unknown}
Potions
 c - 3 potions of lignification


   Skills:
 + Level 0.8 Fighting
 + Level 0.8 Short Blades
 + Level 0.8 Long Blades
 + Level 4.5 Axes
 + Level 0.8 Maces & Flails
 + Level 0.8 Polearms
 + Level 0.8 Staves
 + Level 0.8 Ranged Weapons
 + Level 0.8 Throwing
 + Level 0.8 Armour
 + Level 0.8 Dodging
 + Level 2.4 Stealth
 + Level 0.8 Shields
 + Level 0.8 Unarmed Combat
 + Level 2.8 Spellcasting
 + Level 0.5 Conjurations
 + Level 0.5 Hexes
 + Level 0.5 Summonings
 + Level 5.4 Necromancy
 + Level 0.5 Translocations
 + Level 0.5 Fire Magic
 + Level 0.5 Ice Magic
 + Level 0.5 Air Magic
 + Level 0.5 Earth Magic
 + Level 0.5 Alchemy
 + Level 1.0 Invocations
 + Level 6.5 Evocations
 + Level 0.7 Shapeshifting


You had 6 spell levels left.
You knew the following spells:

 Your Spells              Type           Power      Damage    Failure   Level
a - Necrotise             Necr           92%        1d8       1%          1

Your spell library contained the following spells:

 Spells                   Type           Power      Damage    Failure   Level
 Fugue of the Fallen      Necr           23%        N/A       4%          3
 Animate Dead             Necr           23%        N/A       17%         4


Dungeon Overview and Level Annotations

Branches:
Dungeon (2/15)

Altars:

Annotations:
D:2 Sigmund


Innate Abilities, Weirdness & Mutations

You are a tree.
Your roots penetrate the ground, keeping you stationary.
You cannot be teleported.
You are immune to unholy pain and torment.
Your maximum health is greatly increased.
Your equipment is partially melded.
((You have very sharp teeth.))
Your uncanny sense of smell can sniff out nearby items.
Your experience applies equally to all skills.


Message History

Sigmund casts a spell at you. You resist with significant effort.
You hit Sigmund but do no damage. Your bite misses Sigmund.
Sigmund is severely wounded.
Sigmund screams, "I am the angel of ZOT!!!"
Sigmund completely misses you.
You closely miss Sigmund. You bite Sigmund, but do no damage.
Sigmund is severely wounded.
You hit Sigmund. You freeze Sigmund. You bite Sigmund.
Sigmund is almost dead.
Sigmund hits you with a +0 scythe.
You barely miss Sigmund.
Sigmund is almost dead.
Sigmund mumbles some strange words.
Sigmund flickers and vanishes!
Deactivating autopickup; reactivate with Ctrl-A.
You closely miss something.
The goblin unwields a +0 dagger.
The goblin wields a +0 sling.
The goblin shoots a sling bullet.
The sling bullet hits you. Something hits you!
* * * LOW HITPOINT WARNING * * *
You turn into a tree.
Your +0 pair of gloves melds into your body.
Your +0 leather armour melds into your body.
Your roots penetrate the ground.
The goblin shoots a sling bullet.
The sling bullet hits you but does no damage.
You cannot move.
You cannot move.
You cannot move.
You cannot move.
You cannot move.
You cannot move.
Aiming: Necrotise (safe; 1% risk of failure)
Press: ? - help, Q - select action Shift-Dir - straight line, f - goblin
Aim: a goblin, wielding a +0 sling (chance to affect: 91%)
Okay, then.
Hit: g) +1 dagger (freeze)
Press: ? - help, Dir - move target You miss something.
Something hits you but does no damage.
The goblin shoots a sling bullet.
The sling bullet hits you.
You die...

####..###.#
#.#
.......#.##
#.#
####.##.##
#.# ######
####.#
#...<#
#.####
###.####
#......#
#.#.##♣#
#.#.##{# #
..##g#
..###.# #..
#.# #.. ..#
##. ###


You could see a goblin.

Vanquished Creatures
  A dart slug (D:1)
  4 ball pythons
  2 endoplasms (D:1)
  A giant cockroach (D:1)
  2 goblins (D:1)
  5 hobgoblins
  3 jackals (D:1)
  2 quokkas
  3 bats
  7 kobolds
  2 rats (D:1)
32 creatures vanquished.

Notes
Turn   | Place    | Note
-------+----------+-------------------------------------------
     0 | D:1      | bchevrier the Gnoll Wanderer began the quest for the Orb.
     0 | D:1      | bchevrier set off with the following items: a +0 hand axe,
                  | a wand of flame (4), a potion of lignification, a +0 robe;
                  | and the following spell memorised: Necrotise; and the
                  | following spells available to memorise: Fugue of the
                  | Fallen, Animate Dead.
     0 | D:1      | Reached XP level 1. HP: 13/13 MP: 4/4
    60 | D:1      | Reached XP level 2. HP: 19/19 MP: 5/5
   369 | D:1      | Reached XP level 3. HP: 22/25 MP: 7/7
   888 | D:2      | Reached skill level 1 in Invocations
  1066 | D:2      | Noticed Sigmund
  1089 | D:2      | Shot with a sling bullet by a goblin

Illustrated notes

Levels and vault maps discovered:
D:1:      heliophobic_arrival_glass_houses, layout_rooms, minmay_small_reverse_x
D:2:      layout_loops_cross, fountainhead, minmay_misc_feat_plants,
          uniq_sigmund

Skill      XL: |  1  2  3 |
---------------+----------+-----
Invocations    | 1 |  1.0
Fighting       | |  0.8
Short Blades   | |  0.8
Long Blades    | |  0.8
Axes           | |  4.5
Maces & Flails | |  0.8
Polearms       | |  0.8
Staves         | |  0.8
Ranged Weapons | |  0.8
Throwing       | |  0.8
Armour         | |  0.8
Dodging        | |  0.8
Stealth        | |  2.4
Shields        | |  0.8
Unarmed Combat | |  0.8
Spellcasting   | |  2.8
Conjurations   | |  0.5
Hexes          | |  0.5
Summonings     | |  0.5
Necromancy     | |  5.4
Translocations | |  0.5
Fire Magic     | |  0.5
Ice Magic      | |  0.5
Air Magic      | |  0.5
Earth Magic    | |  0.5
Alchemy        | |  0.5
Evocations     | |  6.5
Shapeshifting  | |  0.7

Action                     || total
---------------------------++-------
  Melee: Hand axe          ||    47
         Dagger            ||    85
         Bite              ||    11
  Evoke: Wand              ||     4
    Use: Potion            ||     1
   Stab: Sleeping          ||     2
 Armour: Robe              ||    18
         Leather armour    ||    46
         Skin              ||     3
  Dodge: Dodged            ||    70

Table legend: (Time is in decaauts)
 A = Elapsed time spent in this place.
 B = Non-inter-level travel time spent in this place.
 C = Inter-level travel time spent in this place.
 D = Time resting spent in this place.
 E = Time spent auto-exploring this place.
 F = Levels seen in this place.
 G = Mean time per level.
                   A        B        C        D        E       F      G
               +--------+--------+--------+--------+--------+-----+--------+
         Total |   1087 |   1069 |     18 |      0 |    755 |   2 |  543.5 |
       Dungeon |   1087 |   1069 |     18 |      0 |    755 |   2 |  543.5 |
               +--------+--------+--------+--------+--------+-----+--------+

Top non-repeatable levels by time:
     D:1: 845 daAuts
     D:2: 242 daAuts
